[Event "Wed Night Engine Tour 9 Rd Swiss 5m+1s Starts at 2200hrs ST"]
[Site "Infinity Chess"]
[Date "2018.4.11"]
[Round "7"]
[White "Deep_Impact"]
[Black "TasicV"]
[Result "1/2-1/2"]
[ECO "D31"]
[WhiteElo "2525"]
[BlackElo "2450"]
[WhiteEngine "asmFishW_2018-04-07_bmi2"]
[BlackEngine "SugaR.XPrO.1.4.64.POCNT_CTG"]
[EventType "Swiss"]
[WhiteTeam ""]
[BlackTeam ""]
[PlyCount "124"]
[TimeControl "300+1"]

1. d4 d5 2. c4 e6 3. Nc3 c6 4. e4 dxe4 5. Nxe4 Bb4+ 6. Bd2 Qxd4 7. Bxb4 Qxe4+ 
8. Be2 Na6 9. Ba5 b6 10. Qd6 Bd7 11. Bc3 f6 12. Nf3 Nh6 13. Rd1 Rd8 14. Qa3 Bc8 
15. Nd2 Qf4 16. Bh5+ Nf7 17. O-O c5 18. Qa4+ Ke7 19. Rfe1 Ng5 20. Re3 Rd6 
21. Rde1 Rhd8 22. Nf3 Kf8 23. a3 Nf7 24. h3 g6 25. Bxg6 hxg6 26. Re4 Qf5 
27. Nh4 Qh5 28. Bxf6 R8d7 29. Rg4 g5 30. Nf3 Bb7 31. Nxg5 Nxg5 32. Bxg5 Rd4 
33. Bf4 Qf7 34. Bh6+ Ke8 35. Rg7 Qf5 36. Rg8+ Ke7 37. f3 e5 38. Bg7 b5 
39. Qxb5 Rd1 40. Rxd1 Rxd1+ 41. Kf2 Bc6 42. Qxc6 Rd2+ 43. Ke1 Qb1+ 
44. Kxd2 Qxb2+ 45. Ke3 Qd4+ 46. Ke2 Qb2+ 47. Kd1 Qd4+ 48. Kc2 Nb4+ 
49. axb4 Qxc4+ 50. Kb1 Qxb4+ 51. Ka1 Qd4+ 52. Ka2 Qc4+ 53. Ka1 Qd4+ 54. Kb1 Qd3+ 
55. Ka1 Qa3+ 56. Kb1 Qd3+ 57. Ka1 Qc3+ 58. Kb1 Qb3+ 59. Ka1 Qa3+ 60. Kb1 Qb4+ 
61. Ka1 Qa5+ 62. Kb1 Qb4+ 1/2-1/2

[Event "Wed Night Engine Tour 9 Rd Swiss 5m+1s Starts at 2200hrs ST"]
[Site "Infinity Chess"]
[Date "2018.4.11"]
[Round "7"]
[White "Thor"]
[Black "Victorious"]
[Result "0-1"]
[ECO "C50"]
[WhiteElo "2527"]
[BlackElo "2574"]
[WhiteEngine "Cfish 2018-04-08 64 NUMA BMI2"]
[BlackEngine "Cfish_x64_060418_LTO_popcnt"]
[EventType "Swiss"]
[WhiteTeam ""]
[BlackTeam ""]
[PlyCount "241"]
[TimeControl "300+1"]

1. e4 e5 2. Nf3 Nc6 3. Bc4 Bc5 4. O-O Nf6 5. d3 d6 6. c3 a5 7. Re1 O-O 
8. Nbd2 h6 9. Nf1 Be6 10. Bb5 Ne7 11. d4 exd4 12. cxd4 Bb6 13. Ng3 d5 14. e5 Ne4 
15. Nxe4 dxe4 16. Rxe4 c5 17. Be3 Qd5 18. Bd3 Nf5 19. Qe2 cxd4 20. Bd2 Rfc8 
21. g4 Ne7 22. Nh4 Rc5 23. Re1 Re8 24. g5 h5 25. Qxh5 g6 26. Nxg6 Nxg6 
27. Rf4 Nxf4 28. Bxf4 Kf8 29. g6 Ke7 30. Be4 Qc4 31. Qh6 Rcc8 32. Bxb7 Rg8 
33. Bg5+ Ke8 34. Bxc8 Qxc8 35. g7 Kd7 36. Qh7 Qa8 37. h3 Kc6 38. Kh2 Kb7 
39. Qe4+ Kb8 40. Qxa8+ Kxa8 41. Bf6 Bxa2 42. h4 Be6 43. Kg3 d3 44. h5 Bf5 
45. h6 Kb7 46. Rh1 Bh7 47. f4 Rc8 48. Rd1 a4 49. Be7 Be3 50. Bb4 Rc1 
51. g8=Q Bxg8 52. Rxd3 Bb6 53. Rd7+ Rc7 54. Rd1 Rc6 55. Bf8 Kc8 56. Bg7 Rg6+ 
57. Kf3 Bh7 58. Rc1+ Kb7 59. Ra1 Kc6 60. Rc1+ Kb7 61. Ra1 Bc5 62. Rxa4 Rg1 
63. Rc4 Ba7 64. Ra4 Bc5 65. Rc4 Ba7 66. Ra4 Rc1 67. Kg4 Bc5 68. Kg5 Be7+ 
69. Kg4 Bg6 70. Rd4 Bc5 71. f5 Rg1+ 72. Kf4 Rf1+ 73. Kg3 Rxf5 74. Rg4 Bh7 
75. Bf6 Bf8 76. Bg7 Be7 77. Rd4 Kc6 78. Ra4 Rg5+ 79. Kf4 Rg1 80. Kf3 Bc5 
81. Ra8 Bf5 82. Ra6+ Kb5 83. Rf6 Bh7 84. Rf4 Kc6 85. Rh4 Kd5 86. Ra4 Rh1 
87. Ra5 Kc6 88. Ra4 Bf5 89. Kg2 Rh5 90. Kf3 Be6 91. Ra1 Kb5 92. Ke4 Rh4+ 
93. Kf3 Be7 94. Rg1 Bd5+ 95. Kg3 Bg5 96. Ra1 Be6 97. Ra3 Rh3+ 98. Kf2 Rh5 
99. Ra8 Rh2+ 100. Kg3 Rh3+ 101. Kf2 Be3+ 102. Kg2 Bxh6 103. Bf6 Rb3 104. Kf1 Kc4 
105. Ra2 Bc1 106. Ra7 Kd3 107. Ra1 Bxb2 108. Ra4 Bd4 109. Kg2 Rb1 110. Kg3 Rg1+ 
111. Kh4 Bf2+ 112. Kh5 Rh1+ 113. Bh4 Rxh4+ 114. Rxh4 Bxh4 115. Kxh4 Ke4 
116. Kg3 Kxe5 117. Kf3 f5 118. Ke3 f4+ 119. Kf3 Kf5 120. Ke2 Ke5 121. Kf3 0-1

[Event "Wed Night Engine Tour 9 Rd Swiss 5m+1s Starts at 2200hrs ST"]
[Site "Infinity Chess"]
[Date "2018.4.11"]
[Round "6"]
[White "Dovahkiin"]
[Black "Vimtiroba"]
[Result "0-1"]
[ECO "C50"]
[WhiteElo "2402"]
[BlackElo "2499"]
[WhiteEngine "Raubfisch ME262_GTZ16f_CTG"]
[BlackEngine "SF9 ''A5''_CTG"]
[EventType "Swiss"]
[WhiteTeam ""]
[BlackTeam ""]
[PlyCount "172"]
[TimeControl "300+1"]

1. e4 e5 2. Nf3 Nc6 3. Bc4 Bc5 4. O-O Nf6 5. d3 a5 6. c3 d6 7. Bg5 Ba7 
8. Nbd2 h6 9. Bh4 g5 10. Bg3 O-O 11. a4 Rb8 12. Bb3 Kg7 13. Nc4 Be6 14. Kh1 Nh5 
15. h3 Qe7 16. Bh2 g4 17. hxg4 Bxg4 18. Bc2 Rbe8 19. d4 exd4 20. Qd3 f5 
21. e5 d5 22. Ncd2 Kh8 23. Rae1 dxc3 24. bxc3 Rg8 25. Bb1 Bb6 26. Bc2 Qg7 
27. Nh4 Ne7 28. Ndf3 f4 29. e6 Bf5 30. Qe2 Bxc2 31. Qxc2 Qg4 32. c4 dxc4 
33. Qxc4 Ng6 34. Qc3+ Rg7 35. Nxg6+ Qxg6 36. Nh4 Qg4 37. Qh3 Kh7 38. Qxg4 Rxg4 
39. Nf3 Rg6 40. Re5 Nf6 41. Nh4 Rg5 42. Ree1 Rh5 43. g3 Ng4 44. Kg2 Nxh2 
45. Kxh2 Rg8 46. Kh1 Bc5 47. Kg2 Rxh4 48. e7 Bxf2 49. Kxf2 fxg3+ 50. Kg1 Rh1+ 
51. Kxh1 g2+ 52. Kg1 gxf1=Q+ 53. Kxf1 Re8 54. Re5 b6 55. Re6 Kg7 56. Kf2 Kf7 
57. Rxh6 Kxe7 58. Ke2 Rg8 59. Kf3 Kd7 60. Rh5 Kd6 61. Rb5 Rh8 62. Kg4 Rh1 
63. Rf5 Rc1 64. Rf4 Kc5 65. Kg5 Rc4 66. Rf5+ Kb4 67. Rf1 Kxa4 68. Rb1 Ka3 
69. Kf6 Ka2 70. Re1 a4 71. Re5 Kb3 72. Rb5+ Kc2 73. Rg5 a3 74. Rg1 a2 
75. Rg2+ Kb1 76. Rg1+ Rc1 77. Rxc1+ Kxc1 78. Ke5 b5 79. Ke4 a1=Q 80. Kf4 Qf6+ 
81. Ke3 Qf5 82. Ke2 Qf4 83. Ke1 b4 84. Ke2 Kc2 85. Ke1 Kd3 86. Kd1 Qf1# 0-1

[Event "Wed Night Engine Tour 9 Rd Swiss 5m+1s Starts at 2200hrs ST"]
[Site "Infinity Chess"]
[Date "2018.4.11"]
[Round "6"]
[White "star99"]
[Black "RonWeasley"]
[Result "1/2-1/2"]
[ECO "C12"]
[WhiteElo "2487"]
[BlackElo "2523"]
[WhiteEngine "Cryptic Heroes 9.3B"]
[BlackEngine "BrainFish 090218_CTG"]
[EventType "Swiss"]
[WhiteTeam ""]
[BlackTeam ""]
[PlyCount "132"]
[TimeControl "300+1"]

1. e4 e6 2. d4 d5 3. Nc3 Nf6 4. Bg5 Bb4 5. e5 h6 6. Be3 Ne4 7. Qg4 Kf8 
8. a3 Bxc3+ 9. bxc3 Nxc3 10. Bd3 b6 11. Ne2 h5 12. Qf3 Nxe2 13. Qxe2 Nc6 
14. O-O Kg8 15. c3 Na5 16. a4 Bd7 17. Rfb1 Rc8 18. h3 c5 19. dxc5 bxc5 
20. Ra2 Qc7 21. f4 g6 22. Qf2 Kg7 23. Kh2 c4 24. Bc2 Ra8 25. Bc5 Rhe8 
26. Bd6 Qd8 27. Qc5 Kg8 28. Rab2 Nb3 29. Bxb3 cxb3 30. Rxb3 Qc8 31. Qe3 Qc4 
32. Rb7 d4 33. cxd4 Bc6 34. R7b2 Qxa4 35. Rc1 Rad8 36. Rc5 Rd7 37. Rf2 Kh7 
38. Qd3 Kg7 39. Qe3 Kh7 40. Qd3 Kg8 41. Qe2 Kh7 42. f5 exf5 43. Rxf5 Rxd6 
44. Rxf7+ Kg8 45. Qf2 Rd7 46. Rf6 Be4 47. e6 Rdd8 48. Rxg6+ Bxg6 49. Qf6 Qxd4 
50. Qxg6+ Qg7 51. Qxh5 Rxe6 52. Rg5 Rde8 53. Rxg7+ Kxg7 54. Qg4+ Kh6 
55. Qh4+ Kg6 56. Qg3+ Kh6 57. Qf4+ Kg6 58. g4 Re2+ 59. Kg3 R2e3+ 60. Kf2 Rxh3 
61. Qf5+ Kg7 62. Kg2 Ree3 63. Qd7+ Kf6 64. Qxa7 Ref3 65. Qa6+ Ke5 66. Qe2+ Kd4 
1/2-1/2

[Event "Wed Night Engine Tour 9 Rd Swiss 5m+1s Starts at 2200hrs ST"]
[Site "Infinity Chess"]
[Date "2018.4.11"]
[Round "6"]
[White "Deep_Impact"]
[Black "BlitzMaster"]
[Result "1/2-1/2"]
[ECO "D31"]
[WhiteElo "2525"]
[BlackElo "2531"]
[WhiteEngine "asmFishW_2018-04-07_bmi2"]
[BlackEngine "asmFishW_2018-04-11_popcnt"]
[EventType "Swiss"]
[WhiteTeam ""]
[BlackTeam ""]
[PlyCount "126"]
[TimeControl "300+1"]

1. d4 d5 2. c4 e6 3. Nc3 c6 4. e4 dxe4 5. Nxe4 Bb4+ 6. Bd2 Qxd4 7. Bxb4 Qxe4+ 
8. Be2 Na6 9. Ba5 b6 10. Qd6 Bd7 11. Bc3 f6 12. Nf3 Nh6 13. Rd1 Rd8 14. Qa3 Bc8 
15. Nd2 Qf4 16. Bh5+ Nf7 17. O-O c5 18. Qa4+ Ke7 19. Rfe1 Ng5 20. Re3 Rd6 
21. Rde1 Rhd8 22. Nf3 Kf8 23. a3 Nf7 24. h3 Rd3 25. Rxd3 Rxd3 26. Be5 fxe5 
27. Bxf7 Nc7 28. Bg6 Rxf3 29. Qxa7 Qd2 30. Rf1 Rb3 31. Qxc7 Qd7 32. Qxd7 Bxd7 
33. Bxh7 Rxb2 34. Rb1 Ra2 35. Rxb6 Rxa3 36. Rb7 Ke7 37. Be4 Kd6 38. Rb6+ Kc7 
39. Rb7+ Kd6 40. Rb6+ Kc7 41. Rb2 Ra1+ 42. Kh2 Ra4 43. Bd3 e4 44. Be2 e5 
45. Rb3 Be6 46. Rc3 Kd6 47. Kg3 Rb4 48. h4 Ke7 49. Re3 Bxc4 50. Rxe4 Bxe2 
51. Rxe5+ Kd6 52. Rxe2 c4 53. Kf3 Rb7 54. g3 Kc5 55. g4 c3 56. h5 Kc4 57. g5 Kb3 
58. Kg4 c2 59. Re1 Rb6 60. Rc1 Kc3 61. h6 gxh6 62. gxh6 Rxh6 63. f4 Kd3 1/2-1/2

[Event "Wed Night Engine Tour 9 Rd Swiss 5m+1s Starts at 2200hrs ST"]
[Site "Infinity Chess"]
[Date "2018.4.11"]
[Round "6"]
[White "Murx"]
[Black "TasicV"]
[Result "1/2-1/2"]
[ECO "A22"]
[WhiteElo "2534"]
[BlackElo "2446"]
[WhiteEngine "asmFishW_2018-04-07_popcnt"]
[BlackEngine "SugaR.XPrO.1.4.64.POCNT_CTG"]
[EventType "Swiss"]
[WhiteTeam ""]
[BlackTeam ""]
[PlyCount "211"]
[TimeControl "300+1"]

1. c4 e5 2. Nc3 Nf6 3. Nf3 Nc6 4. g3 d5 5. cxd5 Nxd5 6. Bg2 Nb6 7. O-O Be7 
8. d3 O-O 9. Be3 Be6 10. a3 Nd5 11. Nxd5 Bxd5 12. Rc1 Qd7 13. d4 e4 14. Ne5 Qe6 
15. Nxc6 bxc6 16. Rc3 Rab8 17. b4 a5 18. bxa5 Rb5 19. Bd2 Rxa5 20. Rxc6 Qxc6 
21. Bxa5 Bxa3 22. Qd2 Rb8 23. Ra1 Bd6 24. e3 g6 25. Bf1 Kg7 26. Rc1 Qd7 
27. Qd1 h6 28. Rb1 Rxb1 29. Qxb1 Qa4 30. Bc3 Qc6 31. Bd2 h5 32. h4 Qa8 
33. Be2 Kf6 34. Bc3 Qa3 35. Qc2 Ke7 36. Bd2 Qb3 37. Qc1 Qa2 38. Bf1 Kd7 
39. Kg2 f6 40. Bb5+ c6 41. Bf1 Qa3 42. Qd1 Qb3 43. Qa1 Qa2 44. Qd1 Kc7 
45. Be2 Be7 46. Bc3 Be6 47. Qe1 Bd5 48. Bd1 Qb1 49. Ba5+ Kb7 50. Kh2 Ka7 
51. Qd2 Kb8 52. Be2 Kc8 53. Qc3 Qa2 54. Ba6+ Kd7 55. Qe1 Bd6 56. Kg2 Ke7 
57. Bf1 Qa3 58. Bc3 Ke6 59. Kh1 Kf7 60. Be2 Ke8 61. Qd2 Be7 62. Kg2 Kd7 
63. Ba5 Bg8 64. Kg1 Qa1+ 65. Kg2 Qb1 66. Bc3 Be6 67. Ba5 Bd6 68. Kh2 Qb3 
69. Qc1 Qa2 70. Qe1 Bf5 71. Bc3 Be7 72. Bd2 Be6 73. Qc1 Bd5 74. Qc3 Bb3 
75. Kg2 Be6 76. Bf1 Ba3 77. Be2 Bd5 78. Qa5 Be7 79. Qxa2 Bxa2 80. f3 Bd5 
81. fxe4 Bxe4+ 82. Kf1 Kd8 83. Kf2 Kd7 84. Bf3 Bxf3 85. Kxf3 Bd6 86. e4 Ke6 
87. Be3 Bb4 88. g4 hxg4+ 89. Kxg4 Bc3 90. Kf4 Kf7 91. e5 c5 92. dxc5 Bxe5+ 
93. Kf3 Ke6 94. c6 Kd6 95. h5 gxh5 96. c7 Kxc7 97. Kf2 f5 98. Kg2 Kd8 
99. Kh3 Bf6 100. Bc1 Be7 101. Kg3 Kd7 102. Be3 Ke6 103. Kf4 Kf6 104. Kf3 Kf7 
105. Bf4 Bf6 106. Bc1 1/2-1/2

[Event "Wed Night Engine Tour 9 Rd Swiss 5m+1s Starts at 2200hrs ST"]
[Site "Infinity Chess"]
[Date "2018.4.11"]
[Round "6"]
[White "Victorious"]
[Black "MGR"]
[Result "1-0"]
[ECO "C50"]
[WhiteElo "2560"]
[BlackElo "2511"]
[WhiteEngine "Cfish_x64_060418_LTO_popcnt"]
[BlackEngine "asmFishW_2018-04-08_popcnt"]
[EventType "Swiss"]
[WhiteTeam ""]
[BlackTeam ""]
[PlyCount "181"]
[TimeControl "300+1"]

1. e4 e5 2. Nf3 Nc6 3. Bc4 Bc5 4. O-O Nf6 5. d3 d6 6. c3 a5 7. Re1 Ba7 
8. Nbd2 O-O 9. Nf1 Be6 10. Bb5 Ne7 11. d4 exd4 12. Nxd4 Ng6 13. Ba4 h6 
14. Be3 Bc8 15. Bc2 Re8 16. Ng3 Ng4 17. Bc1 Bd7 18. h3 Nf6 19. Be3 a4 20. Qd3 b5 
21. Rad1 Ne5 22. Qe2 Bc5 23. Ndf5 Bxe3 24. Qxe3 Ng6 25. Qd2 Ra6 26. a3 Qc8 
27. Bb1 Bxf5 28. Nxf5 Rc6 29. f4 Qa8 30. Re3 Qa7 31. Rde1 Qc5 32. Qf2 Rb6 
33. Nd4 Rbb8 34. Kh2 c6 35. Qf3 Rbc8 36. Ba2 Kf8 37. Qg3 Nh5 38. Qf3 Nf6 
39. Kh1 Ra8 40. R3e2 Ra7 41. Bb1 Raa8 42. Nf5 Rad8 43. g4 Ne7 44. Rg1 d5 
45. e5 Ne4 46. Kh2 Ng6 47. h4 Kg8 48. Rgg2 Ne7 49. Bxe4 dxe4 50. Rxe4 Qd5 
51. Qe2 Nxf5 52. gxf5 f6 53. Rd4 Qf7 54. e6 Qc7 55. Qe4 c5 56. Rdd2 Rd6 
57. Kg3 Qb6 58. Qe2 Red8 59. Rxd6 Qxd6 60. Qxb5 Qd1 61. Qe2 Qb1 62. e7 Re8 
63. Qe6+ Kh7 64. Re2 Qg1+ 65. Kf3 h5 66. Re1 Qg4+ 67. Ke4 Qg2+ 68. Kd3 Qxb2 
69. Qd7 Qb8 70. Re3 Kh6 71. Kc4 Qxf4+ 72. Kd5 Qb8 73. c4 Qa8+ 74. Qc6 Qb8 
75. Qxc5 Qa8+ 76. Kd6 Qb8+ 77. Kd7 Kh7 78. Qc6 Kg8 79. c5 Kh7 80. Qc7 Qa8 
81. c6 g5 82. Qd8 Rxd8+ 83. exd8=Q+ Qa7+ 84. c7 Qd4+ 85. Ke8 Qxe3+ 
86. Qe7+ Qxe7+ 87. Kxe7 g4 88. c8=Q g3 89. Kxf6 g2 90. Qc7+ Kh8 91. Qg7# 1-0

[Event "Wed Night Engine Tour 9 Rd Swiss 5m+1s Starts at 2200hrs ST"]
[Site "Infinity Chess"]
[Date "2018.4.11"]
[Round "5"]
[White "star99"]
[Black "ocirema"]
[Result "1/2-1/2"]
[ECO "C24"]
[WhiteElo "2486"]
[BlackElo "2512"]
[WhiteEngine "Cryptic Heroes 9.3B"]
[BlackEngine "asmFishW_2018-04-08_popcnt"]
[EventType "Swiss"]
[WhiteTeam ""]
[BlackTeam ""]
[PlyCount "63"]
[TimeControl "300+1"]

1. e4 e5 2. Bc4 Nf6 3. d3 Nc6 4. Nf3 Bc5 5. c3 O-O 6. O-O d6 7. a4 a5 8. Re1 h6 
9. h3 Be6 10. Bxe6 fxe6 11. Be3 Bxe3 12. Rxe3 Rf7 13. Nbd2 Qd7 14. d4 exd4 
15. cxd4 Raf8 16. Rc1 Nh5 17. Qb3 Qc8 18. Kh2 Nf4 19. Qb5 Qd8 20. Qxb7 Nxd4 
21. Nxd4 c5 22. Nxe6 Rxb7 23. Nxd8 Rxb2 24. Nc4 Rxf2 25. Ra3 Rxd8 26. Kg3 Rxg2+ 
27. Kxf4 Rf8+ 28. Ke3 Rg3+ 29. Kd2 Rg2+ 30. Ke3 Rg3+ 31. Kd2 Rg2+ 32. Ke3 
1/2-1/2

[Event "Wed Night Engine Tour 9 Rd Swiss 5m+1s Starts at 2200hrs ST"]
[Site "Infinity Chess"]
[Date "2018.4.11"]
[Round "5"]
[White "BlitzMaster"]
[Black "Vimtiroba"]
[Result "1/2-1/2"]
[ECO "C55"]
[WhiteElo "2532"]
[BlackElo "2498"]
[WhiteEngine "asmFishW_2018-04-01_bmi2"]
[BlackEngine "SF9 ''A5''_CTG"]
[EventType "Swiss"]
[WhiteTeam ""]
[BlackTeam ""]
[PlyCount "144"]
[TimeControl "300+1"]

1. e4 e5 2. Nf3 Nc6 3. Bc4 Nf6 4. d3 Bc5 5. c3 O-O 6. Nbd2 d6 7. O-O a5 
8. h3 Be6 9. a4 h6 10. Re1 Ba7 11. Bxe6 fxe6 12. Qb3 Qd7 13. Nc4 Nh5 14. Qd1 Qf7 
15. Be3 Nf4 16. Kh2 Qg6 17. Nh4 Qf6 18. g3 Bxe3 19. Nxe3 Rf7 20. Ng4 Qe7 
21. Ng2 Nxg2 22. Kxg2 Raf8 23. Rf1 h5 24. Ne3 g6 25. Qb3 Nd8 26. Rae1 Qg5 
27. Qd1 Rf4 28. Qd2 b6 29. Nc2 h4 30. Re2 Nf7 31. Ra1 d5 32. Nd4 Rxf2+ 
33. Rxf2 Qxg3+ 34. Kf1 exd4 35. cxd4 Qxh3+ 36. Kg1 dxe4 37. dxe4 e5 
38. Raf1 Qg4+ 39. Rg2 Qxe4 40. Qf2 exd4 41. Qf6 Qe3+ 42. Kh1 Qh3+ 43. Rh2 Qg4 
44. Rxh4 Qg5 45. Rxd4 Qxf6 46. Rxf6 Nd6 47. Rxg6+ Kf7 48. Rh6 Ke7 49. Rh7+ Kd8 
50. Rd3 Kc8 51. Rc3 Rf7 52. Rxf7 Nxf7 53. Kg2 Ng5 54. Kf1 Ne4 55. Ra3 Nc5 
56. Ke2 Kb7 57. Ke3 c6 58. Kd4 Kc7 59. b3 Kd6 60. Kc4 Ne4 61. Kd4 Nc5 
62. Kc4 Ne4 63. Ra1 Nd2+ 64. Kc3 Ne4+ 65. Kb2 Nf6 66. Rd1+ Nd5 67. Kc2 Kc5 
68. Rg1 b5 69. Kb2 bxa4 70. bxa4 Kc4 71. Ra1 c5 72. Rb1 Kd3 1/2-1/2

[Event "Wed Night Engine Tour 9 Rd Swiss 5m+1s Starts at 2200hrs ST"]
[Site "Infinity Chess"]
[Date "2018.4.11"]
[Round "5"]
[White "RonWeasley"]
[Black "Murx"]
[Result "1/2-1/2"]
[ECO "D30"]
[WhiteElo "2523"]
[BlackElo "2534"]
[WhiteEngine "BrainFish 090218_CTG"]
[BlackEngine "asmFishW_2018-04-07_popcnt"]
[EventType "Swiss"]
[WhiteTeam ""]
[BlackTeam ""]
[PlyCount "109"]
[TimeControl "300+1"]

1. d4 d5 2. c4 e6 3. Nf3 Nf6 4. Nc3 c6 5. Bg5 h6 6. Bxf6 Qxf6 7. e3 Nd7 
8. Be2 g6 9. O-O Bg7 10. e4 dxe4 11. Nxe4 Qf4 12. Qc2 f5 13. Ned2 c5 14. g3 Qc7 
15. Nh4 Bxd4 16. Nxg6 Rg8 17. Nh4 Nf6 18. Ndf3 Rxg3+ 19. hxg3 Qxg3+ 20. Ng2 Ng4 
21. Qd2 Bxf2+ 22. Rxf2 Qxf2+ 23. Kh1 Bd7 24. Ne5 O-O-O 25. Nxg4 fxg4 26. Rd1 h5 
27. b3 b6 28. Qd3 Qf5 29. Kg1 Qxd3 30. Rxd3 Be8 31. Kf2 Rxd3 32. Bxd3 Kd8 
33. Kg3 Ke7 34. Nf4 Kf6 35. Kh4 Ke5 36. Ne2 a6 37. a3 a5 38. Kg3 Bc6 39. Bg6 Bf3 
40. Nc3 Kd4 41. Nb5+ Ke3 42. Bxh5 Kd2 43. Bxg4 Bxg4 44. Kxg4 Kc2 45. Kf3 Kxb3 
46. Ke3 Kxc4 47. Nd6+ Kb3 48. Kd2 a4 49. Kd3 Kxa3 50. Kc3 e5 51. Nc4+ Ka2 
52. Nxe5 b5 53. Nd3 a3 54. Nxc5 Kb1 55. Nb3 1/2-1/2

[Event "Wed Night Engine Tour 9 Rd Swiss 5m+1s Starts at 2200hrs ST"]
[Site "Infinity Chess"]
[Date "2018.4.11"]
[Round "5"]
[White "Victorious"]
[Black "Deep_Impact"]
[Result "1/2-1/2 "]
[ECO "B12"]
[WhiteElo "2562"]
[BlackElo "2523"]
[WhiteEngine "Cfish_x64_060418_LTO_popcnt"]
[BlackEngine "asmFishW_2018-04-07_bmi2"]
[EventType "Swiss"]
[WhiteTeam ""]
[BlackTeam ""]
[PlyCount "200"]
[TimeControl "300+1"]

1. e4 c6 2. d4 d5 3. e5 c5 4. dxc5 e6 5. a3 Bxc5 6. Nf3 Ne7 7. b4 Bb6 8. Bb2 a5 
9. Nbd2 axb4 10. axb4 Rxa1 11. Qxa1 O-O 12. Be2 Na6 13. Ba3 Bd7 14. Qb2 Ba7 
15. b5 Nc5 16. O-O Qc7 17. c4 Rc8 18. Rc1 Qd8 19. Bb4 dxc4 20. Nxc4 Ne4 
21. Be1 Nd5 22. Bd3 Nc5 23. Bb1 Bb8 24. Bd2 b6 25. Ng5 g6 26. Bc2 Qe8 
27. Rb1 Na4 28. Qd4 Bxb5 29. Bxa4 Bxa4 30. Ne4 Rxc4 31. Qxc4 Bxe5 32. Nc3 Bc6 
33. Nxd5 Bxd5 34. Qa6 Bc7 35. Bh6 f6 36. Qa7 Qd8 37. Rc1 Bc4 38. Qb7 b5 
39. Ra1 Bd5 40. Qxb5 Kf7 41. Be3 Bb8 42. h4 Be4 43. Qb4 Be5 44. Ra7+ Kg8 
45. Bd2 Bc6 46. Qc4 Bd5 47. Qa6 Qb8 48. Bb4 Bd4 49. Bd6 Bxf2+ 50. Kh2 Bxa7 
51. Bxb8 Bxb8+ 52. Kh3 Kg7 53. Qc8 Be5 54. Qd7+ Kg8 55. Qd8+ Kg7 56. g4 f5 
57. Qe7+ Kg8 58. g5 f4 59. Qa7 f3 60. Kg4 Bd6 61. h5 gxh5+ 62. Kxh5 Be4 
63. Qb6 f2 64. Qxf2 Bf8 65. Qg1 Bf5 66. Qa7 Bg6+ 67. Kh4 Bf5 68. Qd7 Bg7 
69. Qe8+ Bf8 70. Qd7 Bg7 71. Qe8+ Bf8 72. Kg3 Kg7 73. Kf3 Kg8 74. Ke3 Kg7 
75. Qc8 Kf7 76. Qd7+ Kg6 77. Qe8+ Kg7 78. Kd4 Ba3 79. Kc3 Bc1 80. Qh5 Kf8 
81. Qh6+ Kg8 82. Qh5 Kf8 83. g6 Bxg6 84. Qc5+ Kf7 85. Qg1 Bh6 86. Kb2 e5 
87. Qa7+ Ke6 88. Qa1 Kf5 89. Qb1+ Ke6 90. Qd1 Bf5 91. Kc3 Bg6 92. Qa1 Bf4 
93. Qa2+ Kf5 94. Qa1 e4 95. Qb1 Kf6 96. Kc4 Kf5 97. Kd4 Kf6 98. Qf1 Kf5 
99. Qb5+ Kg4 100. Qb1 e3 1/2-1/2

[Event "Wed Night Engine Tour 9 Rd Swiss 5m+1s Starts at 2200hrs ST"]
[Site "Infinity Chess"]
[Date "2018.4.11"]
[Round "5"]
[White "TasicV"]
[Black "MCDermont"]
[Result "1/2-1/2"]
[ECO "C55"]
[WhiteElo "2441"]
[BlackElo "2565"]
[WhiteEngine "SugaR.XPrO.1.4.64.POCNT_CTG"]
[BlackEngine "BrainFish 090218"]
[EventType "Swiss"]
[WhiteTeam ""]
[BlackTeam ""]
[PlyCount "171"]
[TimeControl "300+1"]

1. e4 e5 2. Nf3 Nc6 3. Bc4 Nf6 4. d3 Bc5 5. O-O d6 6. c3 O-O 7. Bg5 h6 8. Bh4 g5 
9. Bg3 a6 10. a4 Ba7 11. Nbd2 Nh7 12. h3 h5 13. Kh1 Kh8 14. b4 h4 15. Bh2 g4 
16. hxg4 Bxg4 17. b5 Na5 18. Ba2 Qf6 19. d4 Rae8 20. Qb1 Qh6 21. Qd3 f5 
22. exf5 Bxf5 23. Qe3 Qh5 24. Nxe5 Nf6 25. Nf7+ Rxf7 26. Bxf7 Qxf7 27. Qh6+ Kg8 
28. Qxh4 Rf8 29. Rfe1 Qh7 30. Qxh7+ Bxh7 31. bxa6 bxa6 32. Re3 Rf7 33. Bf4 Nd5 
34. Rg3+ Rg7 35. Rf3 Nxf4 36. Rxf4 Re7 37. Ra3 Bc2 38. Kh2 d5 39. Ra2 Bd1 
40. Ra1 Bc2 41. Rc1 Bh7 42. Rg4+ Kf8 43. Rf4+ Kg7 44. Rg4+ Kf8 45. Rh4 Bb6 
46. Kg3 Nb7 47. Rh5 c6 48. Nf3 Nd6 49. Ne5 Ne4+ 50. Kh2 Bc7 51. f3 Nf6 
52. Rg5 Nd7 53. f4 Be4 54. Kg3 Nxe5 55. fxe5 Ba5 56. Kf2 Rf7+ 57. Ke2 Rb7 
58. Rf1+ Rf7 59. Rxf7+ Kxf7 60. Rg3 c5 61. dxc5 Ke6 62. Rh3 Bxg2 63. Rh6+ Kxe5 
64. Rh5+ Kf4 65. Kd3 Bd8 66. Kd2 Ke4 67. Rh2 Bf3 68. Kc2 Ba5 69. Rh4+ Ke5 
70. Kb2 Bd8 71. Rh8 Bc7 72. Re8+ Kf4 73. Kb3 a5 74. Re7 Be5 75. c6 Bg4 
76. c7 Bh3 77. Kb2 Bg4 78. Kb3 Bh3 79. Kc2 Bg4 80. Rf7+ Ke3 81. Kb3 Ke4 
82. Rh7 Kf3 83. Re7 Kf4 84. Kc2 Bh3 85. Kb2 Bg4 86. Kb3 1/2-1/2

[Event "Wed Night Engine Tour 9 Rd Swiss 5m+1s Starts at 2200hrs ST"]
[Site "Infinity Chess"]
[Date "2018.4.11"]
[Round "5"]
[White "MGR"]
[Black "Thor"]
[Result "1/2-1/2"]
[ECO "C50"]
[WhiteElo "2510"]
[BlackElo "2527"]
[WhiteEngine "asmFishW_2018-04-08_popcnt"]
[BlackEngine "Cfish 2018-04-08 64 NUMA BMI2"]
[EventType "Swiss"]
[WhiteTeam ""]
[BlackTeam ""]
[PlyCount "299"]
[TimeControl "300+1"]

1. e4 e5 2. Nf3 Nc6 3. Bc4 Bc5 4. O-O Nf6 5. d3 d6 6. c3 a5 7. Re1 Ba7 
8. Nbd2 O-O 9. h3 Be6 10. Bb5 Ne7 11. Ba4 Ng6 12. Bc2 d5 13. exd5 Qxd5 
14. Nf1 h6 15. Be3 c5 16. c4 Qd6 17. Bd2 Bb8 18. Bc3 Nd7 19. h4 Rd8 20. h5 Nf4 
21. Nxe5 Nxe5 22. Bxe5 Qc6 23. Bxf4 Bxf4 24. b3 Bc7 25. Nd2 Qd6 26. g3 Bd7 
27. Nf3 Bg4 28. d4 Bxh5 29. d5 Qf6 30. Kg2 Re8 31. Rh1 Bg4 32. Qd3 Kf8 
33. Nh2 Be2 34. Qf5 Be5 35. Rae1 Bc3 36. Qxf6 Bxf6 37. a4 Bc3 38. Rc1 Bd2 
39. Rb1 Ra6 40. Nf1 Bc3 41. Rh4 Rf6 42. Nh2 Bd4 43. Rf4 Rxf4 44. gxf4 g6 
45. Rh1 h5 46. Nf3 Bxf3+ 47. Kxf3 f5 48. Bd1 Kf7 49. Bc2 Bc3 50. Bd3 Bd4 
51. Bc2 Bg7 52. Rg1 Bf6 53. Rh1 Bg7 54. Rb1 Rd8 55. Rh1 Bb2 56. Re1 Re8 
57. Rxe8 Kxe8 58. Kg3 Bf6 59. Bd3 Bd4 60. Be2 Kd7 61. Bf3 Ke7 62. d6+ Kxd6 
63. Bxb7 Ke7 64. Bc6 Kf6 65. Kf3 h4 66. Kg2 Bb2 67. Kh3 Bd4 68. Kxh4 Bxf2+ 
69. Kh3 Be3 70. Kg3 g5 71. fxg5+ Bxg5 72. Kf3 Ke5 73. Bd7 Bf4 74. Bb5 Bc1 
75. Bd7 Bg5 76. Bc8 Bh6 77. Kf2 Ke4 78. Ke2 Bg5 79. Bd7 Bh6 80. Be6 Bg7 
81. Kd2 f4 82. Bd5+ Kd4 83. Bc6 Bh6 84. Ke2 Bf8 85. Kf3 Bd6 86. Bb5 Be5 
87. Bd7 Bd6 88. Be8 Kc3 89. Ke4 Kxb3 90. Bb5 Kb4 91. Kf3 Bc7 92. Ke4 Bd6 
93. Kf3 Be5 94. Ke4 Ka3 95. Kf3 Kb3 96. Ke4 Ka3 97. Kf3 Kb3 98. Ke4 Bd6 
99. Kf3 Kb2 100. Ba6 Kb3 101. Bb5 Bb8 102. Ke4 Kc3 103. Ba6 Bc7 104. Bb5 Bb8 
105. Ba6 Bc7 106. Bb5 Kb4 107. Kf3 Bd6 108. Ke4 Bb8 109. Kf3 Kb3 110. Ke4 Kb4 
111. Kf3 Bc7 112. Ke4 Ka3 113. Bd7 Bb8 114. Kf3 Bd6 115. Ke4 Bb8 116. Bb5 Kb2 
117. Ba6 Ka2 118. Bb5 Kb3 119. Kf3 Kc2 120. Ke4 Kb3 121. Kf3 Kb2 122. Ke4 Ka2 
123. Bd7 Bd6 124. Bc6 Kb2 125. Bb5 Kc2 126. Bd7 Kc3 127. Bb5 Bc7 128. Ba6 Kb2 
129. Bb5 Bb8 130. Ba6 Bc7 131. Bb5 Kc3 132. Ba6 Kb3 133. Bb5 Ka2 134. Ba6 Bd6 
135. Bb5 f3 136. Kxf3 Kb3 137. Ke4 Bh2 138. Kd5 Bg1 139. Bd7 Be3 140. Bb5 Kc2 
141. Ke4 Bd4 142. Bc6 Kc3 143. Bb5 Kb4 144. Kf4 Bg7 145. Ke4 Ba1 146. Kd5 Bd4 
147. Bc6 Ba1 148. Bb5 Bb2 149. Bd7 Ba1 150. Bb5 1/2-1/2